 Dungeon Crawl Stone Soup version 0.29-a0-819-g94b489e0ae (webtiles) character file.

Game seed: 9970629529230985540

822 Shayle the Covert (level 7, -1/67 HPs)
             Began as a Naga Brigand on July 6, 2022.
             Slain by a gnoll
             ... wielding a +0 flail of holy wrath
              (11 damage)
             ... on level 5 of the Dungeon.
             The game lasted 00:15:41 (3396 turns).

Shayle the Covert (Naga Brigand)                    Turns: 3396, Time: 00:15:43

Health: -1/67      AC: 11    Str: 13    XL:     7   Next: 95%
Magic:  12/13      EV:  7    Int: 14    God:
Gold:   239        SH:  0    Dex: 12    Spells: 12/14 levels left

rFire   . . .      SeeInvis +   m - +2 short sword (venom)
rCold   . . .      Faith    .   (no shield)
rNeg    . . .      Spirit   .   x - +0 troll leather armour
rPois   +          Reflect  .   q - +0 helmet
rElec   .          Harm     .   c - +0 cloak
rCorr   .          Rampage  .   (no gloves)
Will    .....                   v - +1 barding
Stlth   +++.......              r - amulet of regeneration
HPRegen 1.81/turn               (no ring)
MPRegen 0.13/turn               (no ring)

@: studying Shields, very slow
A: AC +2, large, see invisible, deformed body, poison resistance, slowness 2,
spit poison 1, naga tail 1
a: Spit Poison


You were on level 5 of the Dungeon.
You visited 1 branch of the dungeon, and saw 6 of its levels.

You collected 239 gold pieces.

Inventory:

Hand Weapons
 a - a +2 dagger
 m - a +2 short sword of venom (weapon)
Missiles
 d - 12 poisoned darts (quivered)
 e - 3 curare-tipped darts
Armour
 c - a +0 cloak (worn)
 q - a +0 helmet (worn)
 v - a +1 barding (worn)
 x - a +0 troll leather armour (worn)
Jewellery
 r - an amulet of regeneration (around neck)
Wands
 y - a wand of mindburst (4)
 A - a wand of digging (9)
Scrolls
 f - 2 scrolls of vulnerability
 g - 2 scrolls of magic mapping {unknown}
 o - a scroll of identify
 p - a scroll of poison {unknown}
 t - a scroll of blinking {unknown}
 w - 2 scrolls of teleportation {unknown}
Potions
 b - a potion of flight {unknown}
 h - 3 potions of curing
 i - a potion of mutation {unknown}
 j - 2 potions of magic
 k - a potion of lignification {unknown}
 l - a potion of brilliance {unknown}
 n - a potion of heal wounds {unknown}
 s - 2 potions of degeneration {unknown}
 u - a potion of resistance {unknown}
 z - a potion of attraction {unknown}


   Skills:
 + Level 5.0 Fighting
 - Level 2.0 Short Blades
 - Level 1.7 Throwing
 - Level 0.7 Dodging
 - Level 8.1 Stealth
 + Level 3.5 Shields
 + Level 2.6 Unarmed Combat
 + Level 4.0 Spellcasting


You had 12 spell levels left.
You knew the following spells:

 Your Spells              Type           Power      Damage    Failure   Level
a - Blink                 Tloc           4%         N/A       36%         2

Your spell library contained the following spells:

 Spells                   Type           Power      Damage    Failure   Level
 Sublimation of Blood     Necr           2%         N/A       36%         2
 Wereblood                Tmut           2%         N/A       36%         2
 Manifold Assault         Tloc           2%         N/A       100%        5
 Storm Form               Tmut/Air       1%         N/A       100%        7
 Summon Hydra             Summ           1%         N/A       100%        7


Dungeon Overview and Level Annotations

Branches:
Dungeon (6/15)
 Temple: D:4-7

Altars:
Fedhas
Wu Jian

Annotations:
D:4 1 runed translucent door, Crazy Yiuf, Dowan, Duvessa


Innate Abilities, Weirdness & Mutations

Your serpentine skin is tough. (AC +2)
You have supernaturally acute eyesight. (SInv)
Armour fits poorly on your strangely shaped body.
Your system is resistant to poisons. (rPois)
You cover ground very slowly.
You can spit poison.
You have a snake-like lower body.


Message History

The gnoll hits you but does no damage.
Aiming: Mindburst
Press: ? - help, Shift-Dir - straight line, f/p - ogre
Aim: an ogre, wielding a +0 giant spiked club (chance to affect: 64%)
The ogre's mind is blasted!
The adder closely misses you. The ogre closely misses you.
The gnoll hits you with a +0 flail of holy wrath!
* * * LOW HITPOINT WARNING * * *
The gnoll barely misses you. The adder bites you but does no damage.
Aiming: Mindburst
Press: ? - help, Shift-Dir - straight line, f/p - ogre
Aim: an ogre, wielding a +0 giant spiked club (heavily wounded, chance to affect: 64%)
The ogre struggles to resist.
The adder bites you but does no damage.
The gnoll hits you with a +0 flail of holy wrath.
* * * LOW HITPOINT WARNING * * *
The ogre barely misses you. The gnoll hits you but does no damage.
Aiming: Mindburst
Press: ? - help, Shift-Dir - straight line, f/p - ogre
Aim: an ogre, wielding a +0 giant spiked club (heavily wounded, chance to affect: 64%)
The ogre struggles to resist.
The adder barely misses you. The gnoll barely misses you.
The gnoll hits you with a +0 whip.
* * * LOW HITPOINT WARNING * * *
Aiming: Mindburst
Press: ? - help, Shift-Dir - straight line, f/p - ogre
Aim: an ogre, wielding a +0 giant spiked club (heavily wounded, chance to affect: 64%)
The ogre's mind is blasted!!
You blow up the ogre!
The adder bites you but does no damage. The gnoll hits you but does no damage.
The gnoll hits you with a +0 whip.
* * * LOW HITPOINT WARNING * * *
Your Fighting skill increases to level 5!
Your Spellcasting skill increases to level 4!
Aiming: Mindburst
Press: ? - help, Shift-Dir - straight line, f - adder
Aim: an adder (chance to affect: 72%)
The adder's mind is blasted.
You have got your breath back.
The adder bites you but does no damage. x2; The gnoll closely misses you.
The gnoll hits you with a +0 flail of holy wrath!
You die...

..........#.#.###...
...[.................
..............####>.. .
..........#.####.. ..
..........#.# #.# ##..#
............####?##....#
####.#..................
#.#[#.......ggS..#
..#....#.....@).#
..##........####.......
........########..
..............# .# #
..............##.#.#
...................#
..............#.#.. .
..#.............##....
......................


You could see 2 gnolls and an adder.

Vanquished Creatures
  Sigmund (D:4)
  An ogre (D:5)
  A centaur (D:4)
  A bullfrog (D:6)
  A scorpion (D:5)
  A necrophage (D:5)
  A howler monkey (D:5)
  A jelly (D:4)
  3 hounds
  An iguana (D:4)
  A gnoll (D:5)
  5 adders
  2 ufetubi
  3 worms
  9 orcs
  5 endoplasms
  A giant cockroach (D:2)
  8 goblins
  6 hobgoblins
  A jackal (D:2)
  2 quokkas
  8 ball pythons
  5 bats
  A frilled lizard (D:3)
  9 kobolds
  8 rats
86 creatures vanquished.

Notes
Turn   | Place    | Note
-------+----------+-------------------------------------------
     0 | D:1      | Shayle the Naga Brigand began the quest for the Orb.
     0 | D:1      | Reached XP level 1. HP: 19/19 MP: 1/1
   392 | D:1      | Reached skill level 6 in Stealth
   423 | D:1      | Reached XP level 2. HP: 26/26 MP: 2/2
   919 | D:2      | Found a faded altar of an unknown god.
   944 | D:2      | Reached skill level 1 in Spellcasting
  1084 | D:2      | Reached XP level 3. HP: 33/33 MP: 4/4
  1550 | D:2      | Learned a level 2 spell: Blink
  1790 | D:3      | Reached XP level 4. HP: 37/40 MP: 6/6
  2253 | D:4      | Noticed Sigmund
  2265 | D:4      | Killed Sigmund
  2266 | D:4      | Reached skill level 7 in Stealth
  2266 | D:4      | Reached XP level 5. HP: 40/50 MP: 6/9
  2266 | D:4      | Reached XP level 6. HP: 46/57 MP: 6/10
  2408 | D:4      | Reached skill level 8 in Stealth
  2469 | D:4      | Found a runed translucent door.
  2470 | D:4      | Noticed Crazy Yiuf
  2616 | D:4      | Identified a scroll of acquirement
  2616 | D:4      | Acquired a manual of Shields
  2808 | D:4      | Noticed Duvessa
  2808 | D:4      | Noticed Dowan
  2904 | D:4      | Found a blossoming altar of Fedhas.
  2907 | D:4      | Found an ornate altar of the Wu Jian Council.
  2919 | D:4      | Reached skill level 1 in Shields
  2955 | D:4      | Reached skill level 1 in Unarmed Combat
  3022 | D:4      | Reached XP level 7. HP: 65/66 MP: 11/11
  3125 | D:5      | Entered Level 5 of the Dungeon
  3222 | D:5      | You fall into a shaft and drop 1 floor!
  3396 | D:5      | Reached skill level 5 in Fighting
  3396 | D:5      | Slain by a gnoll

Illustrated notes

Levels and vault maps discovered:
D:1:      kennysheep_arrival_seaside, layout_rooms, serial_glass,
          glass_columns_c, glass_columns_a, glass_columns_c, glass_columns_b,
          glass_columns_a, glass_columns_c, glass_columns_a, glass_columns_b,
          glass_columns_a, glass_columns_b
D:2:      layout_basic, shapermc_ecumenical_altar_starsandcircs,
          minmay_octomino_j4
D:3:      layout_basic
D:4:      layout_gridville, grunt_temple_overflow_open, uniq_crazy_yiuf_cottage,
          uniq_sigmund, uniq_duvessa, uniq_ijyb
D:5:      layout_rooms, chequers_temple_overflow_statue_of_worship,
          minmay_temple_entry_statues_fountains, chequers_serial_rivers_micro_b
D:6:      layout_basic, nicolae_elyvilon_peaceful_grove, general_overflow_altar

Skill      XL: |  1  2  3  4  5  6  7 |
---------------+----------------------+-----
Stealth        | 6 7 8 |  8.1
Spellcasting   | 1 2 3 4 |  4.0
Fighting       | 3 4 5 |  5.0
Shields        | 1 3 |  3.5
Unarmed Combat | 1 2 |  2.6
Short Blades   | |  2.0
Throwing       | |  1.7
Dodging        | |  0.7

Action                   |  1- 3 |  4- 6 |  7- 9 || total
-------------------------+-------+-------+-------++-------
Melee: Dagger            |    40 |       |       ||    40
       Short sword       |    52 |    81 |    35 ||   168
       Punch             |       |     1 |       ||     1
Throw: Dart              |     3 |       |       ||     3
 Abil: Spit Poison       |    12 |     1 |     1 ||    14
Evoke: Wand              |       |       |     6 ||     6
  Use: Scroll            |       |     4 |       ||     4
 Stab: Sleeping          |     7 |     9 |     3 ||    19
Armor: Robe              |     7 |       |       ||     7
       Ring mail         |    25 |    24 |       ||    49
       Troll leather arm |       |    21 |    33 ||    54
Dodge: Dodged            |    37 |    24 |    24 ||    85

Table legend: (Time is in decaauts)
 A = Elapsed time spent in this place.
 B = Non-inter-level travel time spent in this place.
 C = Inter-level travel time spent in this place.
 D = Time resting spent in this place.
 E = Time spent auto-exploring this place.
 F = Levels seen in this place.
 G = Mean time per level.
                   A        B        C        D        E       F      G
               +--------+--------+--------+--------+--------+-----+--------+
         Total |   4321 |   4173 |    148 |    292 |   2491 |   6 |  720.2 |
       Dungeon |   4321 |   4173 |    148 |    292 |   2491 |   6 |  720.2 |
               +--------+--------+--------+--------+--------+-----+--------+

Top non-repeatable levels by time:
     D:4: 1180 daAuts
     D:1: 1084 daAuts
     D:3: 850 daAuts
     D:2: 850 daAuts
     D:6: 196 daAuts
     D:5: 159 daAuts
